 Dungeon Crawl Stone Soup version 0.28-a0-194-g42b4daccc1 (webtiles) character file.

Game seed: 11612608314072337843

132 Ezendos the Sneak (level 5, 0/38 HPs)
             Began as an Octopode Brigand on Aug 18, 2021.
             Slain by a phantom (9 damage)
             ... on level 4 of the Dungeon.
             The game lasted 00:07:53 (3426 turns).

Ezendos the Sneak (Octopode Brigand)                Turns: 3426, Time: 00:07:54

Health: 0/38       AC:  1    Str: 12    XL:     5   Next: 15%
Magic:  14/14      EV: 13    Int: 13    God:
Gold:   151        SH:  0    Dex: 13    Spells: 4/4 levels left

rFire   . . .      SeeInvis .   m - +4 short sword
rCold   . . .      Faith    .   (no shield)
rNeg    . . .      Spirit   .   (helmet restricted)
rPois   .          Reflect  .   (no amulet)
rElec   .          Harm     .   x - ring of magical power
rCorr   .          Rampage  .   (no ring)
Will    .....                   (no ring)
Stlth   ++++......              (no ring)
HPRegen 0.12/turn               (no ring)
MPRegen 0.14/turn               (no ring)
                                (no ring)
                                (no ring)

@: unable to read
A: almost no armour, amphibious, 8 rings, camouflage 1, gelatinous body 1,
(nimble swimmer 1), tentacles, inability to read while threatened
a: no special abilities


You were on level 4 of the Dungeon.
You visited 1 branch of the dungeon, and saw 4 of its levels.

You collected 151 gold pieces.

Inventory:

Hand Weapons
 a - a +2 dagger
 f - a +0 trident
 m - a +4 short sword (weapon)
 s - a +0 dagger of draining
Missiles
 b - 12 poisoned darts (quivered)
 c - 2 curare-tipped darts
 w - 7 javelins
Magical Staves
 v - a staff of fire
Jewellery
 x - a ring of magical power (left tentacle)
Scrolls
 i - 3 scrolls of identify {unknown}
 j - a scroll of vulnerability {unknown}
 k - a scroll of fog {unknown}
 l - a scroll of enchant armour {unknown}
 n - a scroll of silence {unknown}
 o - a scroll of enchant weapon {unknown}
 p - 2 scrolls of immolation {unknown}
 q - a scroll of noise {unknown}
 u - a scroll of amnesia {unknown}
Potions
 d - a potion of flight {unknown}
 e - a potion of heal wounds {unknown}
 g - a potion of mutation
 h - 2 potions of curing {unknown}
 r - a potion of lignification {unknown}
 t - a potion of might {unknown}
 z - a potion of degeneration {unknown}


   Skills:
 + Level 4.8 Fighting
 - Level 2.0 Short Blades
 - Level 2.0 Throwing
 - Level 2.0 Dodging
 - Level 5.3 Stealth


You had 4 spell levels left.
You didn't know any spells.
Your spell library was empty.

Dungeon Overview and Level Annotations

Branches:
Dungeon (4/15)
 Temple: D:4-7

Altars:
Makhleb


Innate Abilities, Weirdness & Mutations

You cannot wear most types of armour.
You are amphibious.
You can wear up to eight rings at the same time.
Your skin changes colour to match your surroundings (Stealth+).
Your rubbery body absorbs attacks. (AC +1, EV +1)
((You are camouflaged near water. (Stealth+)))
You have tentacles for arms and can constrict up to eight enemies at once.
You sometimes lose the ability to read scrolls when taking damage.


Message History

You kill the endoplasm!
No target in view!
HP restored.
A kobold comes into view. It is wielding a +0 short sword.
You see here a ball python corpse.
A kobold is nearby!
A kobold is nearby!
The kobold shouts!
A hobgoblin comes into view.
The hobgoblin shouts!
You puncture the kobold!
You kill the kobold!
You see here a +0 short sword.
You hit the hobgoblin but do no damage. You grab the hobgoblin.
You squeeze the hobgoblin.
You kill the hobgoblin!
A phantom comes into view.
No target in view!
You closely miss the phantom. The phantom hits you.
You hit the phantom. Your squeeze misses the phantom.
The phantom is lightly damaged.
The phantom barely misses you.
You closely miss the phantom. You squeeze the phantom.
The phantom is lightly damaged.
The phantom hits you!
The phantom blinks!
You blink.
Found a lumpy sapphire potion.
The phantom hits you!
You miss the phantom.
The phantom is lightly damaged.
The phantom hits you.
The phantom blinks!
You blink.
You hit the phantom.
The phantom is moderately damaged.
The phantom hits you!
* * * LOW HITPOINT WARNING * * *
Okay, then.
It was a potion of mutation.
You feel extremely strange.
You lose the ability to read scrolls when threatened.
The phantom hits you!
You feel threatened and lose the ability to read scrolls!
You die...

#.# #.....# #.# #.###.###
#.# #.# .... #.# #.###....
##########.#### #.#
#.....###
#......§.#....###.# ####..#
#...........#.....#######..#
#..#.#.#.#.#####...)....#..#
##..........W@..#######.†..#
#.#.#.#.#....#...........##
#..!......##.#############
#.#.#.#.#.##..... ....
#.........##### ###
#.#.#.#.#.# .


You could see a phantom.

Vanquished Creatures
  An orc wizard (D:3)
  3 gnolls (D:2)
  A worm (D:2)
  A dart slug (D:4)
  4 orcs (D:3)
  8 ball pythons
  4 endoplasms
  9 goblins
  6 hobgoblins
  11 kobolds
  4 quokkas
  2 bats
  4 frilled lizards
  9 rats
67 creatures vanquished.

Notes
Turn   | Place    | Note
-------+----------+-------------------------------------------
     0 | D:1      | Ezendos the Octopode Brigand began the quest for the Orb.
     0 | D:1      | Reached XP level 1. HP: 14/14 MP: 1/1
   107 | D:1      | Reached XP level 2. HP: 20/20 MP: 2/2
   946 | D:1      | Reached XP level 3. HP: 24/26 MP: 3/3
  1805 | D:2      | Reached XP level 4. HP: 31/33 MP: 4/4
  2697 | D:3      | Reached XP level 5. HP: 33/38 MP: 5/5
  2779 | D:3      | Found a burning altar of Makhleb.
  3276 | D:4      | Noticed a black bear
  3416 | D:4      | Noticed a phantom
  3426 | D:4      | Gained mutation: You sometimes lose the ability to read
                  | scrolls when taking damage. [potion of mutation]
  3426 | D:4      | Slain by a phantom

Illustrated notes

Levels and vault maps discovered:
D:1:      amcnicky_arrival_double_pillar, layout_basic
D:2:      layout_loops_ring, minmay_misc_feat_rows,
          chequers_serial_rivers_small_b, kennysheep_generic_room_7
D:3:      layout_basic, mainiacjoe_overflow_catwalk
D:4:      layout_loops_ring, beargit_hepliaklqana_dungeon_heroes,
          serial_co_window_serial, co_window_corner_a, co_window_corner_a,
          co_window_paths_b, co_window_of_opportunity_a, co_window_paths_a,
          co_window_paths_a, co_window_of_opportunity_b,
          co_window_of_opportunity_b, co_window_broadway_a, co_window_cross_3,
          co_window_corner_b, co_window_4corner_a, co_window_paths_d,
          glass_columns_b, glass_columns_c, glass_columns_a,
          nicolae_shop_gadgets, uniq_grinder, uniq_blork_the_orc

Skill      XL: |  1  2  3  4 |
---------------+-------------+-----
Fighting       | 3 4 |  4.8
Dodging        | 2 |  2.0
Short Blades   | |  2.0
Throwing       | |  2.0
Stealth        | |  5.3

Action                   |  1- 3 |  4- 6 || total
-------------------------+-------+-------++-------
Melee: Dagger            |    53 |     6 ||    59
       Constrict         |    15 |    15 ||    30
       Tentacles         |     9 |     9 ||    18
       Short sword       |       |    63 ||    63
Throw: Dart              |     2 |     4 ||     6
  Use: Potion            |       |     1 ||     1
 Stab: Sleeping          |     8 |     3 ||    11
       Distracted        |     1 |       ||     1
Armor: Skin              |     6 |     1 ||     7
Dodge: Dodged            |    29 |    35 ||    64

Table legend: (Time is in decaauts)
 A = Elapsed time spent in this place.
 B = Non-inter-level travel time spent in this place.
 C = Inter-level travel time spent in this place.
 D = Time resting spent in this place.
 E = Time spent auto-exploring this place.
 F = Levels seen in this place.
 G = Mean time per level.
                   A        B        C        D        E       F      G
               +--------+--------+--------+--------+--------+-----+--------+
         Total |   3419 |   3276 |    143 |    141 |   2495 |   4 |  854.8 |
       Dungeon |   3419 |   3276 |    143 |    141 |   2495 |   4 |  854.8 |
               +--------+--------+--------+--------+--------+-----+--------+

Top non-repeatable levels by time:
     D:2: 1139 daAuts
     D:1: 1119 daAuts
     D:3: 913 daAuts
     D:4: 247 daAuts
